SAA
LANNISTER UNITED LIONHEARTS @ PHOENIX HOTSPUR YOUTH
06/24/2020
 
TOP OF THE 1ST
Lannister United Lionhearts batting - Pitching for Phoenix Hotspur Youth : RHP Paul Stuart
Pitching: RHP Paul Stuart
Batting: RHB Jonathan Widdop 0-0: SINGLE (Flyball, 9S)
Batting: RHB Curt Monroe 0-0: Called Strike
0-1: Swinging Strike
0-2: Strikes out swinging
Batting: RHB Thomas Vaughan 0-0: Foul Ball, location: 2F
0-1: Ball
1-1: Called Strike
1-2: Ball
2-2: Strikes out swinging
Batting: LHB Miguel Juárez 0-0: Ball
1-0: Ground out 4-3 (Groundball, 4)
Top of the 1st over - 0 run(s), 1 hit(s), 0 error(s), 1 left on base; Lannister United 0 - Phoenix Hotspur 0
BOTTOM OF THE 1ST
Phoenix Hotspur Youth batting - Pitching for Lannister United Lionhearts : RHP Juan Cruz
Pitching: RHP Juan Cruz
Batting: RHB Ben Anderson 0-0: Ball
1-0: Ground out 6-3 (Groundball, 6)
Batting: RHB Rick Moore 0-0: Called Strike
0-1: Ball
1-1: Fly out, F8 (Flyball, 8RM)
Batting: SHB Dave Orchard 0-0: Hit by Pitch
Batting: RHB Martín Martínez 0-0: Swinging Strike
0-1: Called Strike
0-2: Fly out, F8 (Flyball, 8LS)
Bottom of the 1st over - 0 run(s), 0 hit(s), 0 error(s), 1 left on base; Lannister United 0 - Phoenix Hotspur 0
TOP OF THE 2ND
Lannister United Lionhearts batting - Pitching for Phoenix Hotspur Youth : RHP Paul Stuart
Batting: LHB Alfonso Núńez 0-0: Called Strike
0-1: Ball
1-1: Foul Ball, location: 2F
1-2: Foul Ball, location: 2F
1-2: Ball
2-2: Foul Ball, location: 2F
2-2: Fly out, F8 (Flyball, 8RM)
Batting: RHB Arturo Read 0-0: Ball
1-0: Ball
2-0: Ground out U3 (Groundball, 3L)
Batting: RHB Javier De Jesús 0-0: Ball
1-0: Ball
2-0: Ground out 6-3 (Groundball, 6)
Top of the 2nd over - 0 run(s), 0 hit(s), 0 error(s), 0 left on base; Lannister United 0 - Phoenix Hotspur 0
BOTTOM OF THE 2ND
Phoenix Hotspur Youth batting - Pitching for Lannister United Lionhearts : RHP Juan Cruz
Batting: SHB Jesús González 0-0: DOUBLE (Line Drive, 89M)
Batting: RHB Júlio Mateo 0-0: Called Strike
0-1: Swinging Strike
0-2: Ball
1-2: Fly out, F8 (Flyball, 8LM)
Batting: LHB Torquato Villani 0-0: SINGLE (Groundball, 15S) (infield hit)
Jesús González to third
Batting: RHB Dan Perkins 0-0: Ball
1-0: Foul Ball, location: 2F
1-1: Grounds into double play, 1-6-3 (Groundball, 23)
Bottom of the 2nd over - 0 run(s), 2 hit(s), 0 error(s), 1 left on base; Lannister United 0 - Phoenix Hotspur 0
TOP OF THE 3RD
Lannister United Lionhearts batting - Pitching for Phoenix Hotspur Youth : RHP Paul Stuart
Batting: RHB Cale Beazley 0-0: Swinging Strike
0-1: Swinging Strike
0-2: Foul Ball, location: 2F
0-2: Ball
1-2: Ball
2-2: Ball
3-2: Strikes out looking
Batting: RHB Chris Hopkins 0-0: Foul Ball, location: 2F
0-1: Foul Ball, location: 2F
0-2: Ball
1-2: Ball
2-2: Foul Ball, location: 2F
2-2: Foul Ball, location: 2F
2-2: Ball
3-2: DOUBLE (Flyball, 78XD)
Batting: RHB Jonathan Widdop 0-0: Called Strike
0-1: Called Strike
0-2: Fly out, F9 (Flyball, 89M)
Batting: RHB Curt Monroe 0-0: Ball
1-0: Called Strike
1-1: Ground out 5-3 (Groundball, 5S)
Top of the 3rd over - 0 run(s), 1 hit(s), 0 error(s), 1 left on base; Lannister United 0 - Phoenix Hotspur 0
BOTTOM OF THE 3RD
Phoenix Hotspur Youth batting - Pitching for Lannister United Lionhearts : RHP Juan Cruz
Batting: RHB Alejandro Ibarra 0-0: Ball
1-0: Ball
2-0: Ball
3-0: Called Strike
3-1: Bunted foul
3-2: Ground out 5-3 (Groundball, 56)
Batting: RHB Ben Anderson 0-0: Ball
1-0: SINGLE (Line Drive, 4D)
Batting: RHB Rick Moore 0-0: Ball
1-0: Called Strike
1-1: Called Strike
1-2: Fly out, F4 (Popup, 34D)
Batting: SHB Dave Orchard 0-0: Ball
1-0: Called Strike
1-1: Ball
2-1: Swinging Strike
2-2: Ball
3-2: Ground out U3 (Groundball, 3)
Bottom of the 3rd over - 0 run(s), 1 hit(s), 0 error(s), 1 left on base; Lannister United 0 - Phoenix Hotspur 0
TOP OF THE 4TH
Lannister United Lionhearts batting - Pitching for Phoenix Hotspur Youth : RHP Paul Stuart
Batting: RHB Thomas Vaughan 0-0: Ball
1-0: Called Strike
1-1: Called Strike
1-2: SINGLE (Line Drive, 6M)
Batting: LHB Miguel Juárez 0-0: Ground out 1-3 (Groundball, 13)
Thomas Vaughan to second
Batting: LHB Alfonso Núńez 0-0: Foul Ball, location: 2F
0-1: Fly out, F9 (Line Drive, 9M)
Batting: RHB Arturo Read 0-0: Swinging Strike
0-1: Fly out, F8 (Flyball, 8RM)
Top of the 4th over - 0 run(s), 1 hit(s), 0 error(s), 1 left on base; Lannister United 0 - Phoenix Hotspur 0
BOTTOM OF THE 4TH
Phoenix Hotspur Youth batting - Pitching for Lannister United Lionhearts : RHP Juan Cruz
Batting: RHB Martín Martínez 0-0: Ball
1-0: Ball
2-0: SINGLE (Groundball, 6)
Batting: SHB Jesús González 0-0: Fly out, F8 (Flyball, 8LS)
Batting: RHB Júlio Mateo 0-0: Ball
1-0: Called Strike
1-1: Foul Ball, location: 2F
1-2: Ball
2-2: SINGLE (Groundball, 34D)
Martín Martínez to second
Runner from 2nd tries for 3rd, SAFE, throw made to third
Batting: LHB Torquato Villani 0-0: Ball
1-0: Called Strike
1-1: Ball
2-1: Fly out, F5 (Line Drive, 56S)
2-1: Lined into DP, U5 (Line Drive, 56S)
Bottom of the 4th over - 0 run(s), 2 hit(s), 0 error(s), 1 left on base; Lannister United 0 - Phoenix Hotspur 0
TOP OF THE 5TH
Lannister United Lionhearts batting - Pitching for Phoenix Hotspur Youth : RHP Paul Stuart
Batting: RHB Javier De Jesús 0-0: Called Strike
0-1: Called Strike
0-2: Strikes out looking
Batting: RHB Cale Beazley 0-0: Ball
1-0: Ball
2-0: Ball
3-0: Called Strike
3-1: Fly out, F4 (Line Drive, 4)
Batting: RHB Chris Hopkins 0-0: Ball
1-0: SOLO HOME RUN (Line Drive, 7D), Distance : 390 ft
Batting: RHB Jonathan Widdop 0-0: Ball
1-0: Foul Ball, location: 2F
1-1: Ball
2-1: Foul Ball, location: 2F
2-2: Strikes out swinging
Top of the 5th over - 1 run(s), 1 hit(s), 0 error(s), 0 left on base; Lannister United 1 - Phoenix Hotspur 0
BOTTOM OF THE 5TH
Phoenix Hotspur Youth batting - Pitching for Lannister United Lionhearts : RHP Juan Cruz
Batting: RHB Dan Perkins 0-0: Ball
1-0: Ground out 4-3 (Groundball, 4)
Batting: RHB Alejandro Ibarra 0-0: Ball
1-0: Called Strike
1-1: Ball
2-1: Foul Ball, location: 2F
2-2: Ground out 4-3 (Groundball, 4M)
Batting: RHB Ben Anderson 0-0: Called Strike
0-1: Foul Ball, location: 2F
0-2: Foul Ball, location: 2F
0-2: Ball
1-2: Ground out 5-3 (Groundball, 15S)
Bottom of the 5th over - 0 run(s), 0 hit(s), 0 error(s), 0 left on base; Lannister United 1 - Phoenix Hotspur 0
TOP OF THE 6TH
Lannister United Lionhearts batting - Pitching for Phoenix Hotspur Youth : RHP Paul Stuart
Batting: RHB Curt Monroe 0-0: Called Strike
0-1: Bunt missed!
0-2: SINGLE (Groundball, 56D)
Batting: RHB Thomas Vaughan 0-0: Ball
1-0: Called Strike
Curt Monroe is caught stealing 2nd base
1-1: Ball
2-1: Ball
3-1: Foul Ball, location: 2F
3-2: Base on Balls
Batting: LHB Miguel Juárez 0-0: Called Strike
0-1: Ball
1-1: Called Strike
1-2: Foul Ball, location: 2F
1-2: Foul Ball, location: 2F
1-2: Ball
2-2: Foul Ball, location: 2F
2-2: Ground out 4-3 (Groundball, 13)
Thomas Vaughan to second
Batting: LHB Alfonso Núńez 0-0: Ball
1-0: Ball
2-0: Ball
3-0: Called Strike
3-1: Base on Balls
Batting: RHB Arturo Read 0-0: Called Strike
0-1: Ball
1-1: Swinging Strike
1-2: Ball
2-2: Ball
3-2: Strikes out swinging
Top of the 6th over - 0 run(s), 1 hit(s), 0 error(s), 2 left on base; Lannister United 1 - Phoenix Hotspur 0
BOTTOM OF THE 6TH
Phoenix Hotspur Youth batting - Pitching for Lannister United Lionhearts : RHP Juan Cruz
Batting: RHB Rick Moore 0-0: Ground out 5-3 (Groundball, 5)
Batting: SHB Dave Orchard 0-0: Ball
1-0: Ball
2-0: Foul Ball, location: 2F
2-1: Ball
3-1: Base on Balls
Batting: RHB Martín Martínez 0-0: Called Strike
0-1: Ball
1-1: Foul Ball, location: 2F
1-2: SINGLE (Groundball, 56)
Dave Orchard to second
Batting: SHB Jesús González 0-0: Ball
1-0: Swinging Strike
1-1: Ball
2-1: Ball
3-1: Swinging Strike
3-2: Strikes out swinging
Batting: RHB Júlio Mateo 0-0: Ball
1-0: Ball
2-0: Called Strike
2-1: Ball
3-1: Base on Balls
Dave Orchard to third
Martín Martínez to second
Batting: LHB Torquato Villani 0-0: Called Strike
0-1: Ball
1-1: Ground out 3-1 (Groundball, 34)
Bottom of the 6th over - 0 run(s), 1 hit(s), 0 error(s), 3 left on base; Lannister United 1 - Phoenix Hotspur 0
TOP OF THE 7TH
Lannister United Lionhearts batting - Pitching for Phoenix Hotspur Youth : RHP Paul Stuart
Batting: RHB Javier De Jesús 0-0: Called Strike
0-1: Ball
1-1: Called Strike
1-2: Ball
2-2: Foul Ball, location: 2F
2-2: Strikes out swinging
Batting: RHB Cale Beazley 0-0: Ball
1-0: Called Strike
1-1: Swinging Strike
1-2: Foul Ball, location: 2F
1-2: Strikes out swinging
Batting: RHB Chris Hopkins 0-0: Called Strike
0-1: Swinging Strike
0-2: Ball
1-2: Ball
2-2: Foul Ball, location: 2F
2-2: Foul Ball, location: 2F
2-2: Strikes out swinging
Top of the 7th over - 0 run(s), 0 hit(s), 0 error(s), 0 left on base; Lannister United 1 - Phoenix Hotspur 0
BOTTOM OF THE 7TH
Phoenix Hotspur Youth batting - Pitching for Lannister United Lionhearts : RHP Juan Cruz
Batting: RHB Dan Perkins 0-0: Fly out, F9 (Flyball, 9S)
Batting: RHB Alejandro Ibarra 0-0: Ball
1-0: Foul Ball, location: 2F
1-1: Ball
2-1: Foul Ball, location: 2F
2-2: Fly out, F6 (Line Drive, 6)
Batting: RHB Ben Anderson 0-0: Called Strike
0-1: Swinging Strike
0-2: Ground out 5-3 (Groundball, 5S)
Bottom of the 7th over - 0 run(s), 0 hit(s), 0 error(s), 0 left on base; Lannister United 1 - Phoenix Hotspur 0
TOP OF THE 8TH
Lannister United Lionhearts batting - Pitching for Phoenix Hotspur Youth : RHP Paul Stuart
Batting: RHB Jonathan Widdop 0-0: Called Strike
0-1: Ball
1-1: Ground out 6-3 (Groundball, 56)
Batting: RHB Curt Monroe 0-0: Called Strike
0-1: Ball
1-1: Foul Ball, location: 2F
1-2: Ball
2-2: Foul Ball, location: 2F
2-2: Foul Ball, location: 2F
2-2: Ball
3-2: Base on Balls
Pitching: RHP Bob Cook
Batting: RHB Thomas Vaughan 0-0: Ball
Curt Monroe steals 2nd base
1-0: DOUBLE (Line Drive, 78M)
Curt Monroe scores
Batting: LHB Miguel Juárez 0-0: Called Strike
0-1: SINGLE (Line Drive, 4MD)
Thomas Vaughan to third
Runner from 3rd tries for Home, SAFE, throw made home
Batting: LHB Alfonso Núńez 0-0: Ball
1-0: Ball
2-0: Called Strike
2-1: Ground out 3-1 (Groundball, 34)
Miguel Juárez to second
Batting: RHB Arturo Read 0-0: Ball
1-0: Ball
2-0: Called Strike
2-1: Ball
3-1: Base on Balls
Batting: RHB Javier De Jesús 0-0: Foul Ball, location: 2F
0-1: Ball
1-1: Foul Ball, location: 2F
1-2: Foul Ball, location: 2F
1-2: Ball
2-2: Foul Ball, location: 2F
2-2: Ball
3-2: Strikes out swinging
Top of the 8th over - 2 run(s), 2 hit(s), 0 error(s), 2 left on base; Lannister United 3 - Phoenix Hotspur 0
BOTTOM OF THE 8TH
Phoenix Hotspur Youth batting - Pitching for Lannister United Lionhearts : RHP Juan Cruz
Batting: RHB Rick Moore 0-0: Ball
1-0: Ball
2-0: Foul Ball, location: 2F
2-1: Ball
3-1: Foul Ball, location: 2F
3-2: Fly out, F9 (Flyball, 9M)
Batting: SHB Dave Orchard 0-0: Ball
1-0: Called Strike
1-1: Foul Ball, location: 2F
1-2: SINGLE (Flyball, 7LS)
Pitching: RHP Jud White
Batting: RHB Martín Martínez 0-0: Ball
1-0: Ball
2-0: Called Strike
2-1: Ball
3-1: Foul Ball, location: 2F
3-2: Foul Ball, location: 2F
3-2: Base on Balls
Dave Orchard to second
Batting: SHB Jesús González 0-0: Ball
1-0: Ball
2-0: SINGLE (Groundball, 4MD)
Dave Orchard to third
Martín Martínez to second
Batting: RHB Júlio Mateo 0-0: Ball
1-0: Called Strike
1-1: Swinging Strike
1-2: Strikes out swinging
Pitching: RHP Tom Rosas
Pinch Hitting: LHB José Villarreal 0-0: Called Strike
0-1: Swinging Strike
0-2: Ball
1-2: Ball
2-2: Foul Ball, location: 2F
2-2: Fly out, F7 (Flyball, 78S)
Bottom of the 8th over - 0 run(s), 2 hit(s), 0 error(s), 3 left on base; Lannister United 3 - Phoenix Hotspur 0
TOP OF THE 9TH
Lannister United Lionhearts batting - Pitching for Phoenix Hotspur Youth : RHP Bob Cook
Now at 1B: Jim Unknown
Batting: RHB Cale Beazley 0-0: Fly out, F7 (Flyball, 7M)
Batting: RHB Chris Hopkins 0-0: Fly out, F4 (Popup, 34)
Batting: RHB Jonathan Widdop 0-0: Ball
1-0: Ball
2-0: Called Strike
2-1: Ball
3-1: Base on Balls
Batting: RHB Curt Monroe 0-0: Called Strike
0-1: Ball
1-1: Ball
2-1: Ball
3-1: Base on Balls
Jonathan Widdop to second
Batting: RHB Thomas Vaughan 0-0: Foul Ball, location: 2F
0-1: Swinging Strike
0-2: Foul Ball, location: 2F
0-2: Strikes out swinging
Top of the 9th over - 0 run(s), 0 hit(s), 0 error(s), 2 left on base; Lannister United 3 - Phoenix Hotspur 0
BOTTOM OF THE 9TH
Phoenix Hotspur Youth batting - Pitching for Lannister United Lionhearts : RHP Tom Rosas
Pitching: RHP Rodger de Meza
Now at C: Adrian Barr
Batting: RHB Dan Perkins 0-0: SINGLE (Line Drive, 34)
Batting: RHB Alejandro Ibarra 0-0: Called Strike
0-1: Ball
1-1: Ball
2-1: SINGLE (Line Drive, 78M)
Dan Perkins to second
Pinch Hitting: LHB Joe Perry 0-0: Ball
1-0: Swinging Strike
1-1: Swinging Strike
1-2: Ball
2-2: Ball
3-2: Foul Ball, location: 2F
3-2: Strikes out looking
Batting: RHB Rick Moore 0-0: Swinging Strike
0-1: Swinging Strike
0-2: Strikes out swinging
Batting: SHB Dave Orchard 0-0: Ball
1-0: SINGLE (Groundball, 4MD)
Dan Perkins to third
Alejandro Ibarra to second
Runner from 3rd tries for Home, SAFE, no throw or cutoff
Batting: RHB Martín Martínez 0-0: Called Strike
0-1: Swinging Strike
0-2: Ball
1-2: Strikes out swinging
Bottom of the 9th over - 1 run(s), 3 hit(s), 0 error(s), 2 left on base; Lannister United 3 - Phoenix Hotspur 1
This league is powered by Out of the Park Baseball, the baseball management simulation game for PC, Mac and Linux
Friday, October 23rd, 2015 - OOTP Baseball 16.9 Build 39